General information
- name: BNet
- type: Ladder team game (AT/RT)
- host: Battle.net
- saver: TIMG4STRok
map: ScorchedBasin
- players: 4
- length: 17:39
- speed: Fast
- version: 1.21 W3XP
- replay type:

» download(118 KB)
Players
team 1 (winner)

»
iggy_the_fisk (
orange | 129 APM | 2283 actions | 17:39)
5 Blademaster
3 Wind Walk
2 Critical Strike
2 Shadow Hunter
1 Hex
1 Healing Wave
» actions
| Assign group hotkey | 263 | |
| Basic commands | 7 | |
| Build / train | 74 | |
| Enter build submenu | 13 | |
| Enter hero's abilities submenu | 7 | |
| Remove unit from queue | 1 | |
| Right click | 1252 | |
| Select / deselect | 355 | |
| Select group hotkey | 211 | |
| Use ability | 100 | |
2283 total
» units
| Peon | 16 | |
| Grunt | 12 | |
| Raider | 9 | |
| Spirit Walker | 6 | |
| Troll Batrider | 2 | |
45 total
» upgrades
| Berserker Strength | 1 | |
| Ensnare | 1 | |
| Pillage | 1 | |
3 total
» buildings
| Altar of Storms | 1 | |
| Orc Burrow | 5 | |
| Barracks | 1 | |
| Voodoo Lounge | 1 | |
| Stronghold | 3 | |
| Beastiary | 1 | |
| Spirit Lodge | 2 | |
| Great Hall | 1 | |
15 total
» build order
00:03 Altar of Storms
00:19 Orc Burrow
00:36 Barracks
01:31 Orc Burrow
02:04 Voodoo Lounge
03:26 Stronghold
03:27 Stronghold
03:27 Stronghold
04:01 Orc Burrow
06:03 Beastiary
06:05 Spirit Lodge
06:06 Spirit Lodge
06:50 Orc Burrow
12:08 Great Hall
14:59 Orc Burrow
» items
| Healing Salve | 4 | |
| Lesser Clarity Potion | 3 | |
| Scroll of Town Portal | 1 | |
| Potion of Healing | 1 | |
9 total

»
TIMG4STRok (
teal | 153 APM | 2708 actions | 17:39)
3 Demon Hunter
2 Mana Burn
1 Evasion
4 Keeper of the Grove
2 Entangling Roots
2 Thorns Aura
» actions
| Assign group hotkey | 29 | |
| Basic commands | 49 | |
| Build / train | 67 | |
| ESC pressed | 2 | |
| Enter build submenu | 11 | |
| Enter hero's abilities submenu | 7 | |
| Right click | 1336 | |
| Select / deselect | 257 | |
| Select group hotkey | 860 | |
| Use ability | 90 | |
2708 total
» units
| Wisp | 11 | |
| Huntress | 5 | |
| Dryad | 13 | |
| Druid of the Claw | 4 | |
33 total
» upgrades
| Abolish Magic | 1 | |
| Ultravision | 1 | |
| Strength of the Wild | 1 | |
| Druid of the Claw Training | 2 | |
| Reinforced Hides | 1 | |
| Well Spring | 1 | |
7 total
» buildings
| Altar of Elders | 1 | |
| Moon Well | 4 | |
| Hunter's Hall | 1 | |
| Ancient of War | 1 | |
| Tree of Ages | 3 | |
| Ancient of Wonders | 1 | |
| Ancient of Lore | 2 | |
| Tree of Eternity | 3 | |
16 total
» build order
00:03 Altar of Elders
00:18 Moon Well
01:28 Hunter's Hall
01:48 Ancient of War
02:05 Moon Well
03:04 Tree of Ages
03:04 Tree of Ages
03:49 Moon Well
04:59 Ancient of Wonders
05:28 Ancient of Lore
05:57 Ancient of Lore
07:02 Moon Well
09:21 Tree of Eternity
09:21 Tree of Eternity
» items
| Staff of Preservation | 2 | |
| Lesser Clarity Potion | 1 | |
| Potion of Healing | 2 | |
| Healing Salve | 1 | |
| Potion of Mana | 1 | |
| Orb of Venom | 1 | |
8 total
team 2 (loser)
end.of.days. (
yellow | 88 APM | 1544 actions | 17:38)
3 Keeper of the Grove
2 Entangling Roots
1 Thorns Aura
2 Priestess of the Moon
1 Trueshot Aura
1 Searing Arrows
» actions
| Assign group hotkey | 21 | |
| Basic commands | 179 | |
| Build / train | 51 | |
| ESC pressed | 12 | |
| Enter build submenu | 16 | |
| Enter hero's abilities submenu | 5 | |
| Right click | 665 | |
| Select / deselect | 323 | |
| Select group hotkey | 208 | |
| Use ability | 64 | |
1544 total
» units
| Wisp | 16 | |
| Huntress | 14 | |
| Glaive Thrower | 3 | |
| Druid of the Claw | 2 | |
| Archer | 1 | |
36 total
» upgrades
| Moon Armor | 1 | |
| Ultravision | 1 | |
| Reinforced Hides | 1 | |
| Druid of the Claw Training | 1 | |
| Upgrade Moon Glaive | 1 | |
5 total
» buildings
| Altar of Elders | 1 | |
| Moon Well | 4 | |
| Ancient of War | 3 | |
| Hunter's Hall | 1 | |
| Ancient Protector | 2 | |
| Tree of Ages | 1 | |
| Ancient of Lore | 5 | |
| Tree of Eternity | 1 | |
18 total
» build order
00:08 Altar of Elders
00:17 Moon Well
01:45 Ancient of War
01:54 Hunter's Hall
02:09 Ancient of War
02:40 Moon Well
03:42 Moon Well
04:13 Ancient of War
04:17 Moon Well
04:59 Ancient Protector
06:24 Tree of Ages
07:26 Ancient Protector
09:04 Ancient of Lore
09:07 Ancient of Lore
09:53 Tree of Eternity
14:16 Ancient of Lore
14:20 Ancient of Lore
16:56 Ancient of Lore
» items
Gr33n-Lantern (
pink | 116 APM | 2034 actions | 17:35)
3 Death Knight
2 Death Coil
1 Unholy Aura
2 Lich
1 Frost Nova
1 Dark Ritual
» actions
| Assign group hotkey | 39 | |
| Basic commands | 46 | |
| Build / train | 62 | |
| ESC pressed | 1 | |
| Enter build submenu | 12 | |
| Enter hero's abilities submenu | 5 | |
| Give item / drop item | 3 | |
| Right click | 971 | |
| Select / deselect | 340 | |
| Select group hotkey | 392 | |
| Use ability | 163 | |
2034 total
» units
| Acolyte | 3 | |
| Ghoul | 1 | |
| Crypt Fiend | 20 | |
| Obsidian Statue | 4 | |
| Abomination | 3 | |
31 total
» upgrades
» buildings
| Graveyard | 1 | |
| Crypt | 1 | |
| Ziggurat | 4 | |
| Altar of Darkness | 1 | |
| Tomb of Relics | 2 | |
| Nerubian Tower | 1 | |
| Halls of the Dead | 3 | |
| Slaughterhouse | 1 | |
| Black Citadel | 3 | |
17 total
» build order
00:05 Graveyard
00:06 Crypt
00:24 Ziggurat
00:46 Altar of Darkness
01:45 Tomb of Relics
01:57 Ziggurat
02:15 Nerubian Tower
03:59 Halls of the Dead
03:59 Halls of the Dead
04:43 Ziggurat
04:58 Tomb of Relics
06:41 Slaughterhouse
08:54 Ziggurat
09:14 Black Citadel
09:15 Black Citadel
» items
| Rod of Necromancy | 2 | |
| Potion of Healing | 4 | |
| Potion of Mana | 1 | |
7 total
Chat log
(00:36 / All) TIMG4STRok: gl hf
(00:41 / All) end.of.days.: same =]
(17:25 / All) Gr33n-Lantern: gg
(17:28 / All) TIMG4STRok: gg
(17:28 / All) iggy_the_fisk: gg